 Dungeon Crawl Stone Soup version 0.28.0-53-g5a82cb258f (console) character file.

Game seed: 10270764517778008134

39 Banquo the Magician (level 3, -4/27 HPs)
             Began as a Djinni Earth Elementalist on May 22, 2022.
             Slain by Terence
             ... wielding a +0 falchion
              (5 damage)
             ... on level 2 of the Dungeon.
             The game lasted 00:03:54 (1659 turns).

Banquo the Magician (Djinni Earth Elementalist)     Turns: 1659, Time: 00:03:56

Health: -4/27      AC:  3    Str:  7    XL:     3   Next: 70%
Gold:   11         EV: 12    Int: 18    God:
                   SH:  0    Dex: 13

rFire   + + .      SeeInvis .   l - +2 dagger (vamp)
rCold   x . .      Faith    .   (no shield)
rNeg    . . .      Spirit   .   b - +0 robe
rPois   ∞          Reflect  .   d - +0 helmet
rElec   .          Harm     .   (no cloak)
rCorr   .          Rampage  .   (no gloves)
Will    .....                   (boots unavailable)
Stlth   ++........              (no amulet)
HPRegen 0.09/turn               (no ring)
MPRegen 0.00/turn               (no ring)

@: flying, very slightly contaminated
A: sickness immunity, fire resistance 2, cold vulnerability 1, float, innate
caster, HP casting, extra vitality 1
a: no special abilities


You were on level 2 of the Dungeon.
You visited 1 branch of the dungeon, and saw 2 of its levels.

You collected 11 gold pieces.

Inventory:

Hand Weapons
 e - a +0 short sword
 g - a +0 war axe
 l - a +2 vampiric dagger (weapon)
Missiles
 c - 57 stones
Armour
 b - a +0 robe (worn)
 d - a +0 helmet (worn)
Scrolls
 a - a scroll of fear {unknown}
 f - a scroll of amnesia {unknown}
 h - a scroll of teleportation {unknown}
 j - a scroll of immolation {unknown}
Potions
 i - a potion of attraction {unknown}
 k - a potion of curing {unknown}


   Skills:
 * Level 1.0 Fighting
 * Level 2.6 Dodging
 - Level 1.5 Stealth
 + Level 3.1 Spellcasting


You couldn't memorise any spells.
You knew the following spells:

 Your Spells              Type           Power      Damage    Failure   Level
a - Sandblast             Erth           28%        2d8       4%          1
b - Passwall              Tmut/Erth      11%        N/A       7%          2
c - Stone Arrow           Conj/Erth      28%        3d8       13%         3
d - Petrify               Tmut/Erth      14%        N/A       41%         4
e - Beastly Appendage     Tmut           28%        N/A       4%          1
Your spell library was empty.

Dungeon Overview and Level Annotations

Branches:
Dungeon (2/15)

Altars:

Annotations:
D:2 Terence


Innate Abilities, Weirdness & Mutations

You are immune to sickness and miasma.
You are immune to poison.
Your flesh is very heat resistant. (rF++)
You are vulnerable to cold. (rC-)
You float through the air rather than walking.
You learn spells naturally, not from books.
Your magical power is your life essence.
You have superior vitality. (+4 MHP)


Message History

Press: ? - help, Shift-Dir - straight line, f/p - Terence
Aim: Terence, wielding a +0 falchion and wearing a +0 ring mail (82% to hit)
The blast of sand hits Terence but does no damage.
Terence completely misses you.
Casting: Sandblast (safe; 4% risk of failure)
Confirm with . or Enter, or press ? or * to list all spells.
Aiming: Sandblast (safe; 4% risk of failure)
Press: ? - help, Shift-Dir - straight line, f/p - Terence
Aim: Terence, wielding a +0 falchion and wearing a +0 ring mail (82% to hit)
The blast of sand hits Terence but does no damage.
Terence hits you with a +0 falchion.
Casting: Sandblast (safe; 4% risk of failure)
Confirm with . or Enter, or press ? or * to list all spells.
The spell is quite dangerous to miscast (13% risk of failure)!
Continue anyway?
Aiming: Stone Arrow (quite dangerous; 13% risk of failure)
Press: ? - help, Shift-Dir - straight line, f/p - Terence
Aim: Terence, wielding a +0 falchion and wearing a +0 ring mail (72% to hit)
The stone arrow misses Terence.
Terence hits you with a +0 falchion.
Unknown command.
Casting: Stone Arrow (quite dangerous; 13% risk of failure)
Confirm with . or Enter, or press ? or * to list all spells.
The spell is quite dangerous to miscast (13% risk of failure)!
Continue anyway?
Aiming: Stone Arrow (quite dangerous; 13% risk of failure)
Press: ? - help, Shift-Dir - straight line, f/p - Terence
Aim: Terence, wielding a +0 falchion and wearing a +0 ring mail (72% to hit)
You miscast Stone Arrow.
Nothing appears to happen.
Terence hits you with a +0 falchion.
* * * LOW HITPOINT WARNING * * *
Unknown command.
Casting: Stone Arrow (quite dangerous; 13% risk of failure)
Confirm with . or Enter, or press ? or * to list all spells.
The spell is quite dangerous to miscast (13% risk of failure)!
Continue anyway?
Aiming: Stone Arrow (quite dangerous; 13% risk of failure)
Press: ? - help, Shift-Dir - straight line, f/p - Terence
Aim: Terence, wielding a +0 falchion and wearing a +0 ring mail (72% to hit)
The stone arrow hits Terence.
Terence is moderately wounded.
* * * LOW HITPOINT WARNING * * *
Terence hits you with a +0 falchion.
You die...

#.##................########.####
..##.#...................[...####
.....#.###+##....####............
..##.#.# #....##.........###.#
.....#.# +....##..............
..#..#.######....##......<..#####
..# # ..........+..........# ....
....##.$..###........# ### ....
### #...@@.<.#.......##.. ....
........................ ....
#...#..........#.#..#... #.#.
##..#.##..###....#..#.## ..#
#..#.. ... .....#..#.# .. #..###
.#.#...#. ..# .. +#'# # ..


You could see Terence.

Vanquished Creatures
  An orc (D:2)
  6 ball pythons
  A bat (D:2)
  4 endoplasms
  4 giant cockroaches
  5 hobgoblins
  2 quokkas
  3 frilled lizards
  3 goblins (D:2)
  3 kobolds
32 creatures vanquished.

Notes
Turn   | Place    | Note
-------+----------+-------------------------------------------
     0 | D:1      | Banquo the Djinni Earth Elementalist began the quest for
                  | the Orb.
     0 | D:1      | Reached XP level 1. HP: 15/15 MP: 0/0
   142 | D:1      | Reached XP level 2. HP: 20/22 MP: 0/0
   650 | D:1      | Reached XP level 3. HP: 23/26 MP: 0/0
   650 | D:1      | Learned a level 1 spell: Beastly Appendage
   746 | D:1      | Found a faded altar of an unknown god.
   879 | D:2      | Reached skill level 3 in Spellcasting
   990 | D:2      | Noticed Terence
  1538 | D:2      | Reached skill level 1 in Fighting
  1659 | D:2      | Slain by Terence

Illustrated notes

Levels and vault maps discovered:
D:1:      beargit_arrival_greenhouse, layout_basic,
          shapermc_ecumenical_altar_mp_vishouse
D:2:      layout_basic, serial_curves, eino_curves_03, eino_curves_04,
          uniq_terence

Skill      XL: |  1  2  3 |
---------------+----------+-----
Spellcasting   | 3 |  3.1
Fighting       | 1 |  1.0
Dodging        | |  2.6
Stealth        | |  1.5

Action                   || total
-------------------------++-------
 Cast: Sandblast         ||    61
       Stone Arrow       ||     3
Armor: Robe              ||     1
Dodge: Dodged            ||    13
